 Dungeon Crawl Stone Soup version 0.26-a0-661-g406de6ba63 (webtiles) character file.

Game seed: 17304257362895429131

51100 tacoguy the Protected (level 14, -25/129 HPs)
             Began as a Minotaur Fighter on Oct 9, 2020.
             Annihilated by an acid blob (32 damage)
             ... on level 6 of the Lair of Beasts.
             The game lasted 01:10:37 (20790 turns).

tacoguy the Protected (Minotaur Fighter)           Turns: 20790, Time: 01:10:37

Health: -25/129    AC: 10    Str: 44    XL:     14   Next: 22%
Magic:  13/13      EV: 30    Int:  5    God:
Gold:   1495       SH: 19    Dex: 17    Spells: 13/13 levels left

rFire    . . .     SeeInvis .   t - +5 dagger "Mocuaklee" {venom, +Inv}
rCold    . . .     Faith    .   B - +3 kite shield of Impermeability {+Fly MR+ Str+4 Slay-6}
rNeg     + . .     Spirit   .   C - +5 crystal plate armour of the Okapi {rN+}
rPois    .         Reflect  .   (helmet unavailable)
rElec    .         Harm     .   l - +0 cloak of Ucicedas {Str+4 Dex+5}
rCorr    .         Rampage  .   H - +0 pair of gloves
MR       ++...                  (no boots)
Stlth    ..........             k - amulet of the acrobat
HPRegen  0.31/turn              m - +6 ring of strength
MPRegen  0.13/turn              G - +6 ring of strength

@: about to teleport, corroded, acrobat
A: retaliatory headbutt, horns 3, blink, MP-powered wands
a: Blink, Evoke Invisibility, Evoke Flight


You were on level 6 of the Lair of Beasts.
You visited 5 branches of the dungeon, and saw 17 of its levels.
You also visited: Bailey and Ice Cave.

You collected 1495 gold pieces.

Inventory:

Hand Weapons
 t - the +5 dagger "Mocuaklee" (weapon) {venom, +Inv}
   (You found it on level 5 of the Dungeon)

   It poisons the flesh of those it strikes.
   It lets you turn invisible.
Missiles
 I - 4 atropa-tipped darts (quivered)
Armour
 l - the +0 cloak of Ucicedas (worn) {Str+4 Dex+5}
   (You found it in a bailey)

   It affects your strength (+4).
   It affects your dexterity (+5).
 s - a +2 hat
 B - the +3 kite shield of Impermeability (worn) {+Fly MR+ Str+4 Slay-6}
   (You found it in a bailey)

   It affects your strength (+4).
   It affects your accuracy and damage with ranged weapons and melee attacks
   (-6).
   It affects your resistance to hostile enchantments.
   It lets you fly.
 C - the +5 crystal plate armour of the Okapi (worn) {rN+}
   (You found it in a bailey)

   It protects you from negative energy.
 H - a +0 pair of gloves (worn)
Jewellery
 b - an uncursed ring of flight
 k - an amulet of the acrobat (around neck)
 m - a +6 ring of strength (left hand)
 u - an uncursed ring of ice
 G - a +6 ring of strength (right hand)
Wands
 v - a wand of paralysis (7)
 y - a wand of acid (25)
 A - a wand of flame (32)
 D - a wand of iceblast (27)
 P - a wand of enslavement (3)
Scrolls
 a - 4 scrolls of enchant armour
 d - 2 scrolls of random uselessness
 h - 6 scrolls of remove curse
 j - 3 scrolls of teleportation
 n - a scroll of fog
 r - 3 scrolls of fear
 w - 6 scrolls of amnesia
 E - 5 scrolls of immolation
 F - a scroll of brand weapon
 J - 2 scrolls of blinking {unknown}
 K - a scroll of summoning {unknown}
 M - 4 scrolls of identify
 N - a scroll of enchant weapon
Potions
 c - 4 potions of brilliance
 e - 2 potions of resistance {unknown}
 f - a potion of magic
 g - 2 potions of stabbing {unknown}
 o - 5 potions of lignification
 p - 10 potions of curing
 q - 4 potions of flight
 x - 2 potions of invisibility
 z - a potion of ambrosia
 L - a potion of might


   Skills:
 + Level 13.6 Fighting
 + Level 12.3 Short Blades
 + Level 13.6 Armour
 + Level 12.2 Dodging
 + Level 13.6 Shields


You had 13 spell levels left.
You didn't know any spells.
Your spell library contained the following spells:

 Spells                   Type           Power        Failure   Level
 Freeze                   Ice            #...         99%         1
 Ensorcelled Hibernation  Hex/Ice        #.....       100%        2
 Static Discharge         Conj/Air       #.......     100%        3
 Ice Form                 Ice/Tmut       #.......     100%        4
 Lightning Bolt           Conj/Air       #.........   100%        5
 Ignition                 Fire           #.........   100%        8
 Shatter                  Erth           #.........   100%        9
 Tornado                  Air            #.........   100%        9


Dungeon Overview and Level Annotations

Branches:
Dungeon (8/15)             Temple (1/1) D:4            Lair (6/6) D:8
 Shoals (1/4) Lair:2        Snake (0/4) Lair:3        Slime (1/5) Lair:6
 Bailey (visited)           IceCv (visited)

Altars:
Ashenzari
Dithmenos
Elyvilon
Fedhas
Gozag
Hepliaklqana
Nemelex Xobeh
Okawaru
Qazlal
Sif Muna
Trog
Vehumet
Wu Jian
Yredelemnul
Zin
The Shining One
Jiyva
Lugonu

Shops:
D:5 *

Annotations:
Lair:1 exclusion: 4 oklob plants


Innate Abilities, Weirdness & Mutations

You reflexively headbutt those who attack you in melee.
You have a pair of large horns on your head.
You can translocate small distances at will.
You expend magic power (3 MP) to strengthen your wands.


Message History

As you read the scroll of teleportation, it crumbles to dust.
You feel strangely unstable.
The acid blob hits you but does no damage.
The slime creature closely misses you. You furiously retaliate!
You headbutt the slime creature, but do no damage.
The acid blob spits acid at you. The splash of acid misses you.
As you read the scroll of fear, it crumbles to dust.
You assume a fearsome visage.
The slime creature looks frightened!
The acid blob resists with almost no effort.
The acid blob spits acid at you. The splash of acid misses you.
You hit the acid blob but do no damage.
The acid blob looks as sick as possible!
Your hands burn!
* * * LOW HITPOINT WARNING * * *
You headbutt the acid blob, but do no damage.
The acid blob is severely wounded.
The acid blob hits you!!
You die...

##....# #..####..
####.#...###..####..
#.###...#.#....##...
##.......#.##.####..
#......####### #...
###'##.#.# ######..
#._J#..####..#....
#.J.#.............
#@>.#.............
#####.............
#...............
##...#.#........
#...#.###.......
###..###.P.......
#.#.###...+...P..
##..##....#P.P...
##..##....##..P..


You could see an acid blob (extremely poisoned) and a slime creature (fleeing).

Vanquished Creatures
  An azure jelly (Slime:1)
  A fire dragon (Lair:6)
  5 hydras
  A boulder beetle (Lair:5)
  Urug (Lair:4)
  The ghost of jiml777 the Magician, a novice GnWr of Gozag (D:8)
  A lindwurm (Lair:6)
  An orc knight (Bailey)
  A necromancer (IceCv)
  A wolf spider (Lair:6)
  12 elephants
  10 black mambas
  A guardian serpent (Lair:6)
  2 ice statues (IceCv)
  Maggie (D:6)
  10 cane toads
  5 torpor snails (Lair:6)
  2 rime drakes (Lair:6)
  7 ice devils (IceCv)
  8 komodo dragons
  Grinder (D:4)
  2 polar bears
  9 hornets (Lair:6)
  4 tyrant leeches (Lair:6)
  14 blink frogs
  15 slime creatures
  2 redbacks (Lair:6)
  16 wyverns
  Sigmund (D:6)
  23 yaks
  A fire elemental (Lair:2)
  3 basilisks
  3 nagas (Lair:3)
  31 water moccasins
  Duvessa (D:6)
  7 orc warriors
  5 sky beasts
  2 ice beasts (D:7)
  2 black bears
  6 ogres
  9 wolves
  A phantom (D:8)
  20 bullfrogs
  A scorpion (D:4)
  Dowan (D:6)
  5 wights (D:6)
  An electric eel (Lair:2)
  2 howler monkeys
  2 centaur skeletons
  2 draconian simulacra (IceCv)
  A centaur zombie (D:5)
  2 hounds (D:5)
  Crazy Yiuf (D:6)
  6 orc priests
  A bullfrog skeleton (D:8)
  9 orc wizards
  Jessica (D:6)
  2 iguanas
  8 hell rats
  5 worker ants
  3 troll simulacra (IceCv)
  2 spriggan simulacra (IceCv)
  A killer bee zombie (D:7)
  A hound skeleton (D:7)
  2 worker ant zombies
  10 adders
  3 gnolls (D:5)
  A naga simulacrum (IceCv)
  2 ogre simulacra (IceCv)
  10 river rats (D:7)
  A shadow imp (D:8)
  12 white imps (Lair:6)
  2 ufetubi
  An ooze (D:7)
  A worm (D:4)
  2 dart slugs
  2 leopard geckos
  42 orcs
  A ball python (D:3)
  9 goblins
  5 hobgoblins
  4 jackals (D:3)
  7 quokkas
  6 bats
  A frilled lizard (D:5)
  6 kobolds
  A leopard gecko skeleton (D:5)
  A leopard gecko zombie (D:5)
  A quokka skeleton (D:4)
  18 rats
  2 bushes (Lair:6)
460 creatures vanquished.

Vanquished Creatures (others)
  89 fungi
  128 plants
217 creatures vanquished.

Grand Total: 677 creatures vanquished

Notes
Turn   | Place    | Note
-------+----------+-------------------------------------------
     0 | D:1      | tacoguy the Minotaur Fighter began the quest for the Orb.
     0 | D:1      | Reached XP level 1. HP: 19/19 MP: 0/0
  1058 | D:2      | Reached XP level 2. HP: 27/27 MP: 1/1
  1130 | D:2      | Found a faded altar of an unknown god.
  1246 | D:2      | Reached skill level 1 in Dodging
  1246 | D:2      | Reached XP level 3. HP: 22/33 MP: 2/2
  1639 | D:2      | Found a shadowy altar of Dithmenos.
  2266 | D:3      | Found a radiant altar of Vehumet.
  2344 | D:3      | Found a basalt altar of Yredelemnul.
  2358 | D:3      | Reached XP level 4. HP: 40/40 MP: 3/3
  2433 | D:3      | Found a stormy altar of Qazlal.
  2865 | D:4      | Reached XP level 5. HP: 47/47 MP: 4/4
  2966 | D:4      | Found a hazy altar of Hepliaklqana.
  3129 | D:4      | Reached XP level 6. HP: 42/55 MP: 5/5
  3296 | D:4      | Found a glowing golden altar of the Shining One.
  3412 | D:4      | Noticed Grinder
  3421 | D:4      | Killed Grinder
  3421 | D:4      | Reached skill level 5 in Fighting
  3421 | D:4      | Reached skill level 5 in Armour
  3421 | D:4      | Reached skill level 5 in Shields
  3525 | D:4      | Found an iron altar of Okawaru.
  3532 | D:4      | Got an ebony mace
  3542 | D:4      | Identified the +5 mace of Truncation {protect, rPois rN+
                  | Int+4 Dex-2} (You found it on level 4 of the Dungeon)
  3550 | D:4      | Found a staircase to the Ecumenical Temple.
  3874 | Temple   | Entered the Ecumenical Temple
  3948 | D:5      | Entered Level 5 of the Dungeon
  3996 | D:5      | Noticed a sky beast
  4010 | D:5      | Killed a sky beast
  4010 | D:5      | Reached XP level 7. HP: 29/61 MP: 6/6
  4190 | D:5      | Got a crude dagger
  4191 | D:5      | Identified the +5 dagger "Mocuaklee" {venom, +Inv} (You
                  | found it on level 5 of the Dungeon)
  4506 | D:5      | Found Mydad's Assorted Antiques.
  4889 | D:6      | Reached skill level 5 in Short Blades
  4889 | D:6      | Reached XP level 8. HP: 55/70 MP: 7/7
  5000 | D:6      | Found a basalt altar of Yredelemnul.
  5275 | D:6      | Found an ornate altar of the Wu Jian Council.
  5717 | D:6      | Noticed Dowan
  5717 | D:6      | Noticed Duvessa
  5737 | D:6      | Killed Dowan
  5742 | D:6      | Killed Duvessa
  5842 | D:6      | Found a runed translucent door.
  5843 | D:6      | Noticed Crazy Yiuf
  5893 | D:6      | Reached skill level 5 in Dodging
  6059 | D:6      | Noticed Sigmund
  6061 | D:6      | Noticed Jessica
  6061 | D:6      | Noticed Maggie
  6212 | D:6      | Killed Crazy Yiuf
  6436 | D:6      | Killed Jessica
  6451 | D:6      | Killed Sigmund
  6524 | D:6      | Killed Maggie
  6524 | D:6      | Reached XP level 9. HP: 73/79 MP: 8/8
  6555 | D:6      | Found a shimmering blue altar of Sif Muna.
  6895 | D:7      | Found a flagged portal.
  6902 | Bailey   | Entered a bailey
  7074 | Bailey   | Noticed an orc knight
  7417 | Bailey   | Got a faintly glowing cloak
  7419 | Bailey   | Got a slimy kite shield
  7421 | Bailey   | Got a transparent crystal plate armour
  7433 | Bailey   | Identified the +0 cloak of Ucicedas {Str+4 Dex+5} (You
                  | found it in a bailey)
  7443 | Bailey   | Identified the +3 kite shield of Impermeability {+Fly MR+
                  | Str+4 Slay-6} (You found it in a bailey)
  7453 | Bailey   | Identified the +5 crystal plate armour of the Okapi {rN+}
                  | (You found it in a bailey)
  7881 | Bailey   | Killed an orc knight
  8465 | D:7      | Reached XP level 10. HP: 90/90 MP: 9/9
  8666 | D:7      | Found the +9 heavy crossbow "Sniper" {vorpal, Acc+∞ SInv}
  9365 | D:8      | Found a runed translucent door.
  9366 | D:8      | Noticed jiml777's ghost (novice GnWr)
  9426 | D:8      | Found a sparkling altar of Nemelex Xobeh.
 10050 | D:8      | Killed jiml777's ghost
 10091 | D:8      | Found a staircase to the Lair.
 10189 | Lair:1   | Entered Level 1 of the Lair of Beasts
 10443 | Lair:1   | Noticed an oklob plant
 10449 | Lair:1   | Noticed an oklob plant
 10450 | Lair:1   | Noticed an oklob plant
 10450 | Lair:1   | Noticed a black mamba
 10471 | Lair:1   | Killed a black mamba
 10502 | Lair:1   | Noticed an oklob plant
 10984 | Lair:1   | Reached XP level 11. HP: 99/99 MP: 10/10
 11167 | Lair:1   | Reached skill level 10 in Shields
 11174 | Lair:1   | Reached skill level 10 in Armour
 11177 | Lair:1   | Reached skill level 10 in Fighting
 11270 | Lair:1   | You fall into a shaft and drop 1 floor!
 12407 | Lair:2   | Noticed a five-headed hydra
 12421 | Lair:2   | Gained mutation: Your body sometimes deteriorates upon
                  | taking damage. [potion of mutation]
 12421 | Lair:2   | Gained mutation: You are dopey. (Int -2) [potion of
                  | mutation]
 12421 | Lair:2   | Gained mutation: You have sharp toenails. [potion of
                  | mutation]
 12422 | Lair:2   | Lost mutation: You are dopey. (Int -2) [potion of mutation]
 12422 | Lair:2   | Lost mutation: You have sharp toenails. [potion of
                  | mutation]
 12422 | Lair:2   | Gained mutation: Your magical capacity is low. (-10% MP)
                  | [potion of mutation]
 12422 | Lair:2   | Gained mutation: You evolve. [potion of mutation]
 12529 | Lair:2   | Killed a five-headed hydra
 12601 | Lair:2   | Found a staircase to the Shoals.
 12606 | Shoals:1 | Entered Level 1 of the Shoals
 12606 | Shoals:1 | Noticed a harpy
 12607 | Shoals:1 | Noticed a harpy
 12950 | Lair:2   | Gained mutation: You are agile. (Dex +2) [evolution]
 13070 | Lair:3   | Noticed a five-headed hydra
 13080 | Lair:3   | Killed a five-headed hydra
 13086 | Lair:3   | Found a staircase to the Snake Pit.
 13140 | Lair:3   | Reached XP level 12. HP: 87/110 MP: 9/9
 13326 | Lair:3   | Reached skill level 10 in Short Blades
 13925 | Lair:4   | Reached skill level 10 in Dodging
 13991 | Lair:4   | Noticed Urug
 14026 | Lair:4   | Killed Urug
 14440 | Lair:4   | Lost mutation: You are agile. (Dex +2) [potion of mutation]
 14440 | Lair:4   | Lost mutation: Your body sometimes deteriorates upon taking
                  | damage. [potion of mutation]
 14440 | Lair:4   | Lost mutation: You evolve. [potion of mutation]
 14440 | Lair:4   | Gained mutation: Your mind is acute. (Int +2) [potion of
                  | mutation]
 14440 | Lair:4   | Gained mutation: Your spells are a little harder to cast,
                  | but a little more powerful. [potion of mutation]
 14739 | Lair:5   | Identified Olynerid's Collected Works on Snow
 14780 | Lair:5   | Noticed a boulder beetle
 14810 | Lair:5   | Killed a boulder beetle
 15196 | Lair:5   | Noticed a four-headed hydra
 15211 | Lair:5   | Killed a four-headed hydra
 15871 | Lair:6   | Entered Level 6 of the Lair of Beasts
 15985 | Lair:6   | Found a frozen archway.
 16086 | IceCv    | Entered an ice cave
 16123 | IceCv    | Reached XP level 13. HP: 99/118 MP: 10/10
 17437 | Lair:6   | Found a runed translucent door.
 17437 | Lair:6   | Found a viscous altar of Jiyva.
 17437 | Lair:6   | Found a staircase to the Slime Pits.
 17460 | Slime:1  | Entered Level 1 of the Pits of Slime
 17530 | Slime:1  | Noticed an azure jelly
 18126 | Lair:6   | Paralysed by a hornet for 3 turns
 18438 | Lair:6   | Found a runed translucent door.
 18453 | Lair:6   | Noticed a fire dragon
 18467 | Lair:6   | Killed a fire dragon
 19582 | Lair:6   | Reached XP level 14. HP: 83/129 MP: 11/11
 20329 | Lair:6   | Lost mutation: Your magical capacity is low. (-10% MP)
                  | [potion of mutation]
 20329 | Lair:6   | Lost mutation: Your mind is acute. (Int +2) [potion of
                  | mutation]
 20329 | Lair:6   | Gained mutation: You are frail. (-10% HP) [potion of
                  | mutation]
 20329 | Lair:6   | Gained mutation: You are surrounded by a mild repulsion
                  | field. (EV +2) [potion of mutation]
 20330 | Lair:6   | Lost mutation: Your spells are a little harder to cast, but
                  | a little more powerful. [potion of mutation]
 20330 | Lair:6   | Lost mutation: You are frail. (-10% HP) [potion of
                  | mutation]
 20330 | Lair:6   | Lost mutation: You are surrounded by a mild repulsion
                  | field. (EV +2) [potion of mutation]
 20330 | Lair:6   | Gained mutation: You can translocate small distances at
                  | will. [potion of mutation]
 20330 | Lair:6   | Gained mutation: You expend magic power (3 MP) to
                  | strengthen your wands. [potion of mutation]
 20331 | Lair:6   | Lost mutation: You can translocate small distances at will.
                  | [potion of mutation]
 20331 | Lair:6   | Gained mutation: You have a pair of large horns on your
                  | head. [potion of mutation]
 20331 | Lair:6   | Gained mutation: You can translocate small distances at
                  | will. [potion of mutation]
 20472 | Slime:1  | Killed an azure jelly
 20753 | Slime:1  | Noticed an acid blob
 20784 | Lair:6   | HP: 2/129 [acid (11)]
 20790 | Lair:6   | Annihilated by an acid blob

Illustrated notes

Levels and vault maps discovered:
D:1:      mrwooster_arrival_statue_3, layout_loops_corners,
          serial_co_window_serial, co_window_paths_a, co_window_paths_a,
          co_window_cross_1, co_window_corner_a, co_window_paths_b,
          co_window_broadway_a, co_window_broadway_b, co_window_broadway_a,
          co_window_corner_b, co_window_paths_c, co_window_paths_c
D:2:      layout_loops_cross, chequers_ecumenical_altar_twisty,
          nicolae_dithmenos_through_a_glass_darkly
D:3:      layout_rooms, nicolae_overflow_hidden_temple,
          nicolae_overflow_crystal_walls, hex_medium, yredelemnul_altar_generic
D:4:      layout_basic, lemuel_doored_altar, okawaru_ov_weapons_minmay,
          lemuel_coloured_pillars_altar, minmay_temple_entry_junction_2,
          minmay_misc_feat_roman, uniq_grinder
D:5:      layout_cave_pools, serial_shops, nicolae_shop_window_shopping
D:6:      layout_basic, old_standard_altar, kennysheep_mini, tgw_sif,
          uniq_crazy_yiuf_cottage, uniq_duvessa, uniq_sigmund, uniq_maggie
D:7:      lemuel_ratsnest, layout_basic, enter_bailey_3, minivault_10
D:8:      layout_loops_ring, nicolae_ru_the_path_less_chosen,
          kennysheep_mini_moat, due_lair_maze_entry_diamond,
          ebering_ghost_reflecting_pool
Temple:   corrupted_temple
Lair:1:   layout_long_grid, minmay_lair_oklob_chamber
Lair:2:   layout_gridlike, elwin_shoals_entry_rooms, grunt_megastairs_5,
          infiniplex_staircase_pool_2
Lair:3:   layout_long_grid, minmay_snake_entry_guardpost_small,
          chequers_serial_rivers_room_b
Lair:4:   layout_concentric_octagons, uniq_urug
Lair:5:   layout_cave_pods
Lair:6:   hangedman_lair_tendril_chambers, layout_regular_city, wormcave,
          slime_altar_2, portal_ice_cave_entry_imps
Shoals:1: layout_shoals, nicolae_shoals_dead_sea_scrolls
Slime:1:  layout_caves

Skill      XL: |  1  2  3  4  5  6  7  8  9 10 11 12 13 14 |
---------------+-------------------------------------------+-----
Fighting       | 4 5 6 7 8 9 11 12 13 | 13.6
Armour         | 4 5 6 7 8 9 11 12 13 | 13.6
Shields        | 4 5 6 7 8 9 11 12 13 | 13.6
Dodging        | 1 2 3 4 5 6 8 9 10 11 12 | 12.2
Short Blades   | 3 4 5 6 7 8 9 11 12 | 12.3

Action                   |  1- 3 |  4- 6 |  7- 9 | 10-12 | 13-15 || total
-------------------------+-------+-------+-------+-------+-------++-------
Melee: Rapier            |    89 |    99 |       |       |       ||   188
       Headbutt          |    15 |    13 |    95 |   401 |   401 ||   925
       Dagger            |       |       |   369 |  1262 |   955 ||  2586
 Abil: Evoke Flight      |       |       |     1 |       |       ||     1
Evoke: Wand              |       |       |     1 |       |       ||     1
  Use: Scroll            |     3 |     2 |     1 |    20 |     2 ||    28
       Potion            |       |       |       |     6 |     8 ||    14
Armor: Scale mail        |    41 |    18 |    39 |       |       ||    98
       Crystal plate arm |       |       |    64 |   321 |   209 ||   594
Dodge: Dodged            |    44 |    34 |   165 |   316 |   265 ||   824
Block: Kite shield       |    62 |    45 |   293 |   904 |   599 ||  1903

Table legend: (Time is in decaauts)
 A = Elapsed time spent in this place.
 B = Non-inter-level travel time spent in this place.
 C = Inter-level travel time spent in this place.
 D = Time resting spent in this place.
 E = Time spent auto-exploring this place.
 F = Levels seen in this place.
 G = Mean time per level.
                   A        B        C        D        E       F      G
               +--------+--------+--------+--------+--------+-----+--------+
         Total |  19804 |  18698 |   1106 |   5861 |   8283 |  19 | 1042.3 |
       Dungeon |   8778 |   8135 |    643 |   1785 |   4455 |   8 | 1097.2 |
        Temple |     49 |     49 |      0 |      0 |     30 |   1 |   49.0 |
          Lair |   8444 |   7981 |    463 |   2436 |   3674 |   6 | 1407.3 |
        Shoals |      1 |      1 |      0 |      0 |      0 |   1 |    1.0 |
    Slime Pits |    333 |    333 |      0 |    204 |     26 |   1 |  333.0 |
        Bailey |   1137 |   1137 |      0 |    798 |     10 |   1 | 1137.0 |
      Ice Cave |   1059 |   1059 |      0 |    638 |     87 |   1 | 1059.0 |
               +--------+--------+--------+--------+--------+-----+--------+

Top non-repeatable levels by time:
  Lair:6: 3047 daAuts
     D:6: 2078 daAuts
  Lair:1: 1431 daAuts
  Lair:2: 1371 daAuts
     D:4: 1203 daAuts
  Bailey: 1137 daAuts
  Lair:5: 1122 daAuts
     D:2: 1069 daAuts
     D:7: 1065 daAuts
   IceCv: 1059 daAuts
     D:1: 1052 daAuts
     D:8: 942 daAuts
  Lair:4: 909 daAuts
     D:5: 775 daAuts
     D:3: 592 daAuts
